 Seeded DCSS version 0.30.1-4-g462c640d31 (webtiles) character file.

Game seed: 6351066067085065685 (custom seed)

485 Esekla the Grave Robber (level 6, -1/32 HPs)
             Began as a Deep Elf Necromancer on Aug 27, 2023.
             Was a Follower of Vehumet.
             Killed from afar by a white imp (6 damage)
             ... with a puff of frost
             ... on level 5 of the Dungeon.
             The game lasted 00:18:32 (3707 turns).

Esekla the Grave Robber (Deep Elf Necromancer)      Turns: 3707, Time: 00:18:33

Health: -1/32      AC:  4    Str:  5    XL:     6   Next: 88%
Magic:  17/17      EV: 14    Int: 22    God:    Vehumet [*.....]
Gold:   263        SH:  0    Dex: 18    Spells: 12/17 levels left

rFire   . . .        s - +5 rapier of the Hero {heavy, rN+ Dex+3}
rCold   . . .        (no shield)
rNeg    + . .        l - +0 robe
rPois   .            j - +0 helmet
rElec   .            (no cloak)
rCorr   .            c - +0 pair of gloves
SInv    .            (no boots)
Will    .....        y - amulet of magic regeneration
Stlth   +++          (no ring)
HPRegen 0.25/turn    (no ring)
MPRegen 0.55/turn

%: no passive effects
@: no status effects
A: no striking features
a: Renounce Religion


You were on level 5 of the Dungeon.
You worshipped Vehumet.
Vehumet was aware of your devotion.
You visited 1 branch of the dungeon, and saw 5 of its levels.

You collected 263 gold pieces.

Inventory:

Hand Weapons
 a - a +2 vampiric dagger
 r - a +0 spear
 s - the +5 rapier of the Hero (weapon) {heavy, rN+ Dex+3}
   (You found it on level 3 of the Dungeon)

   Dex:       It affects your dexterity (+3).
   rN:        It protects you from negative energy.
Missiles
 w - 6 poisoned darts (quivered)
Armour
 c - a +0 pair of gloves (worn)
 j - a +0 helmet (worn)
 l - a +0 robe (worn)
Jewellery
 y - an amulet of magic regeneration (around neck)
Wands
 q - a wand of roots (16)
 B - a wand of flame (15)
Scrolls
 e - 3 scrolls of fear {unknown}
 f - 4 scrolls of identify {unknown}
 m - a scroll of enchant armour {unknown}
 n - a scroll of amnesia {unknown}
 o - a scroll of immolation {unknown}
 p - a scroll of blinking {unknown}
 v - 2 scrolls of fog {unknown}
 x - 3 scrolls of enchant weapon {unknown}
 A - a scroll of magic mapping {unknown}
Potions
 b - a potion of magic
 d - a potion of ambrosia {unknown}
 g - 2 potions of attraction {unknown}
 h - a potion of haste {unknown}
 i - 5 potions of curing {unknown}
 k - a potion of mutation {unknown}
 t - a potion of heal wounds {unknown}
 u - 3 potions of brilliance {unknown}
 z - a potion of lignification {unknown}


   Skills:
 + Level 1.6 Short Blades
 + Level 0.4 Throwing
 * Level 3.9 Dodging
 + Level 4.3 Stealth
 * Level 6.0 Spellcasting
 * Level 1.9 Conjurations
 * Level 6.4 Necromancy


You had 12 spell levels left.
You knew the following spells:

 Your Spells              Type           Power      Damage    Failure   Level
a - Magic Dart            Conj           60%        1d6       4%          1
b - Necrotise             Necr           100%       1d9       1%          1
d - Vampiric Draining     Necr           34%        2d8       1%          3

Your spell library contained the following spells:

 Spells                   Type           Power      Damage    Failure   Level
 Animate Dead             Necr           34%        N/A       6%          4
 Lesser Beckoning         Tloc           12%        N/A       14%         2
 Agony                    Necr           34%        N/A       19%         5
 Gell's Gravitas          Tloc           6%         N/A       26%         3
 Spider Form              Tmut/Pois      6%         N/A       26%         3
 Teleport Other           Tloc           6%         N/A       26%         3
 Cause Fear               Hex            3%         N/A       65%         4
 Summon Mana Viper        Hex/Summ       6%         N/A       94%         5


Dungeon Overview and Level Annotations

Branches:
Dungeon (5/15)
 Temple: D:4-7

Altars:
Dithmenos
Hepliaklqana
Okawaru
Qazlal
Trog
Vehumet
Zin
The Shining One

Shops:
D:2 =   D:4 (


Message History

There is a stone staircase leading up here.
Found a fluorescent wand.
B - a wand of flame (15)
Found a mace.
Found an escape hatch in the floor.
You see here a +0 mace.
There is an escape hatch in the floor here.
An adder comes into view.
The helpless adder fails to defend itself.
You impale the adder!!
You kill the adder!
Vehumet accepts your kill.
Found a scroll labelled QOIXKOT YTEE.
Found an escape hatch in the ceiling.
e - 3 scrolls labelled QOIXKOT YTEE (gained 1)
Found a stone staircase leading down.
A white imp comes into view.
The white imp shouts, "Go and return not, thou spindly spur-galled wastrel!"
The white imp hits you. The white imp freezes you.
You hit the white imp.
The white imp is lightly wounded.
The white imp closely misses you.
You feel the dreadful sensation subside.
You feel agile.
s - the +5 rapier of the Hero (weapon)
{heavy, rN+ Dex+3} You closely miss the white imp.
The white imp is lightly wounded.
The white imp hits you. The white imp freezes you. The white imp hits you.
The white imp freezes you.
You puncture the white imp!
The white imp is severely wounded.
The white imp gestures at you. The puff of frost hits you!
* * * LOW HITPOINT WARNING * * *
The white imp gestures at you. The puff of frost misses you.
You closely miss the white imp. Your punch misses the white imp.
The white imp is severely wounded.
The white imp gestures at you. The puff of frost hits you.
You die...

#.##......<........##
#.###...#.#######..#
#.# ##..#... #..# #.#
#..#.### ...# #.#
...# ##.## #.# ...#
.. #.####.#.##
#.#.5.....##
#...@.......
###.#####..# #.# #.#
#.# #.# #.# #.# #.#


You could see a white imp.

Vanquished Creatures
  A black bear (D:2)
  A scorpion (D:5)
  3 hounds
  4 iguanas
  3 gnolls
  6 adders
  3 dart slugs
  6 orcs
  6 ball pythons
  4 endoplasms
  7 goblins
  5 hobgoblins
  A quokka (D:1)
  4 bats
  4 frilled lizards
  5 kobolds
  A rat (D:2)
64 creatures vanquished.

Notes
Turn   | Place    | Note
-------+----------+-------------------------------------------
     0 | D:1      | Esekla the Deep Elf Necromancer began the quest for the
                  | Orb.
     0 | D:1      | Reached XP level 1. HP: 10/10 MP: 6/6
   168 | D:1      | Reached skill level 5 in Necromancy
   334 | D:2      | Found Renulab's Jewellery Shop.
   612 | D:4      | Found a radiant altar of Vehumet.
   621 | D:4      | Found an iron altar of Okawaru.
   632 | D:4      | Found a glowing silver altar of Zin.
   711 | D:4      | Became a worshipper of Vehumet
   800 | D:3      | Reached XP level 2. HP: 15/15 MP: 8/8
  1176 | D:3      | Identified the +5 rapier of the Hero {heavy, rN+ Dex+3}
  1425 | D:3      | Reached XP level 3. HP: 15/19 MP: 9/9
  1432 | D:3      | Learned a level 3 spell: Vampiric Draining
  1896 | D:1      | Reached skill level 1 in Short Blades
  2052 | D:1      | Reached XP level 4. HP: 24/24 MP: 11/11
  2203 | D:1      | Reached * piety under Vehumet
  2203 | D:1      | Offered knowledge of Magic Dart by Vehumet.
  2210 | D:1      | Learned a level 1 spell: Magic Dart
  2390 | D:2      | Found a faded altar of an unknown god.
  2501 | D:2      | Noticed a black bear
  2514 | D:2      | Killed a black bear
  2515 | D:2      | Reached skill level 1 in Conjurations
  2515 | D:2      | Reached XP level 5. HP: 18/28 MP: 3/14
  2694 | D:3      | Found a stormy altar of Qazlal.
  2697 | D:3      | Found a hazy altar of Hepliaklqana.
  2697 | D:3      | Found a bloodstained altar of Trog.
  2923 | D:4      | Found Ponaysk's Antique Weapon Boutique.
  3035 | D:4      | Found a glowing golden altar of the Shining One.
  3060 | D:5      | Entered Level 5 of the Dungeon
  3069 | D:5      | Reached skill level 5 in Spellcasting
  3069 | D:5      | Reached XP level 6. HP: 29/32 MP: 11/15
  3366 | D:5      | Found a shadowy altar of Dithmenos.
  3454 | D:5      | Got the Parchment of the Lumpy Olives
  3707 | D:5      | Killed from afar by a white imp

Illustrated notes

Levels and vault maps discovered:
D:1:      sevenhm_arrival_forest_fort_small_3, layout_rooms,
          chequers_serial_rivers_room_b, minmay_misc_feat_five
D:2:      layout_loops_ring, dreamdust_ecumenical_altar_angels_and_demons,
          serial_shops, shop
D:3:      layout_basic, grunt_temple_overflow_open, minmay_misc_feat_iff
D:4:      layout_basic, nicolae_overflow_quartered_altars, serial_shops,
          nicolae_diamond_shop
D:5:      layout_loops_ring, lemuel_doored_altar, minmay_misc_feat_rows,
          dreamdust_wishing_well

Skill      XL: |  1  2  3  4  5  6 |
---------------+-------------------+-----
Necromancy     | 5 6 |  6.4
Dodging        | 3 |  3.9
Stealth        | 3 4 |  4.3
Short Blades   | 1 |  1.6
Spellcasting   | 4 5 6 |  6.0
Conjurations   | 1 |  1.9
Throwing       | |  0.4

Action                     |  1- 3 |  4- 6 || total
---------------------------+-------+-------++-------
  Melee: Short sword       |   114 |    67 ||   181
         Unarmed           |     9 |       ||     9
         Punch             |     1 |       ||     1
         Dagger            |       |    11 ||    11
         Rapier            |       |     3 ||     3
  Throw: Dart              |       |    15 ||    15
   Cast: Vampiric Draining |     5 |    22 ||    27
         Magic Dart        |       |     4 ||     4
   Stab: Sleeping          |     3 |     8 ||    11
         Distracted        |     2 |       ||     2
 Armour: Robe              |    34 |    13 ||    47
  Dodge: Dodged            |    91 |    48 ||   139
